Unix NetHack Version 5.0.0-0 post-release - last build Jun 10 2026 00:39:30 (3ee93aec679c4c4259841fe613dc97188e26a321,branch:main).

Game began 2026-06-27 17:14:41, ended 2026-06-27 18:31:47.

DaveT, lawful male human Priest

                              --------
                              |...|.>-------------
                              |......^.......^^/.|
                              |-.%|..-----------+|
                              |...|`.|...--|.....|
                              |%..|.`.-...-|.....|
                              |...--.......|.....|
                              |-.|..-.`|.-.|..<..|
                              |..|`@...|``.|.....|
                              |...E%-..|.-.|.....|
                              |........|...|.....|
                              --------------------

DaveT the Adept              St:11 Dx:11 Co:17 In:9 Wi:17 Ch:9  Lawful
Dlvl:5  $:283 HP:0(89) Pw:120(124) AC:3  Xp:9 T:8901  Satiated Burdened

Latest messages:
 You see here a raven corpse.
 With great effort you move the boulder.
 With great effort you move the boulder.
 You see here a gargoyle corpse.
 With great effort you move the boulder.
 With great effort you move the boulder.
 You see here a raven corpse.
 With great effort you move the boulder.
 The boulder suddenly rolls away from you!
 You hear a boulder fall.
 You see here a raven corpse.
 The gelatinous cube just misses!
 You hit the gelatinous cube!
 You are frozen by the gelatinous cube!
 The gelatinous cube touches you!
 You can move again.
 You hit the gelatinous cube!
 The gelatinous cube touches you!
 You hit the gelatinous cube!
 You are frozen by the gelatinous cube!
 The gelatinous cube touches you!
 The gelatinous cube touches you!
 You can move again.
 The gelatinous cube touches you!
 You hit the gelatinous cube!
 You are frozen by the gelatinous cube!
 You can move again.
 You kill the gelatinous cube!
 You see here a gelatinous cube corpse.
 There is a gelatinous cube corpse here; eat it? [ynq] (n) y
 You have a very bad case of stomach acid.
 You finish eating the gelatinous cube corpse.
 In what direction? .
 You feel better.
 With great effort you move the boulder.
 You hear a monster behind the boulder.
 Perhaps that's why you cannot move it.
 The water elemental hits!
 You hit the water elemental!
 The water elemental hits!
 What do you want to drink? [jprtIO or ?*] ?
 You feel better.
 You hit the water elemental!
 The water elemental hits!
 You miss the water elemental.
 The water elemental hits!
 The water elemental hits!
 You die...
 Do you want your possessions identified? [ynq] (y) y
 Do you want to see your attributes? [ynq] (y) q

Inventory:
 Coins    ('$')
  $ - 283 gold pieces
 Weapons  (')')
  Z - 4 +0 darts
  s - 4 +0 shuriken
  y - a +0 dagger
  v - a blessed +0 aklys
  F - a blessed +0 dwarvish mattock
  a - a blessed very corroded +5 mace (weapon in right hand)
 Armor    ('[')
  B - a +0 orcish helm (being worn)
  S - a blessed rustproof +3 pair of gauntlets of power
  c - a +0 small shield (being worn)
  G - a +0 mummy wrapping
  b - a burnt +1 robe (being worn)
  n - a +0 ring mail (being worn)
 Comestibles  ('%')
  e - 2 cloves of garlic
  C - 2 cream pies
  g - 4 food rations
  k - a pear
  f - a sprig of wolfsbane
  x - a lizard corpse
  z - a lizard corpse
 Scrolls  ('?')
  D - a scroll of create monster
  i - a scroll of earth
  h - a cursed scroll of earth
  T - a scroll of teleportation
 Spellbooks  ('+')
  u - a spellbook of cure blindness
 Potions  ('!')
  r - a potion of healing
  j - 2 cursed potions of healing
  I - a potion of object detection
  O - a potion of oil
  t - a potion of holy water
  p - a potion of water
 Rings    ('=')
  A - a cursed ring of aggravate monster
  d - a ring of free action
  M - a cursed ring of hunger
  Y - a cursed ring of polymorph
  w - a ring of polymorph control
  l - a ring of sustain ability
 Wands    ('/')
  X - a wand of create monster (0:11)
  J - a blessed wand of lightning (0:5)
  m - a wand of probing (0:4)
  W - a wand of speed monster (0:4)
 Tools    ('(')
  V - a bag of holding containing 11 items
  U - a blindfold
  P - a blessed oil lamp
  K - a towel
  L - a blessed +0 unicorn horn

Contents of the bag of holding:
  2452 gold pieces
  10 cursed +0 arrows
  21 +0 darts
  2 +0 orcish daggers
  a +0 mummy wrapping
  a potion of speed
  a figurine of a xan
  an oil lamp
  3 tallow candles
  an opal
  a worthless piece of violet glass

DaveT the Priest's attributes:

Background:
 You were an Adept, a level 9 human Priest.
 You were lawful, on a mission for Blind Io
 who was opposed by The Lady (neutral) and Offler (chaotic).
 You were right-handed.
 You were in Sokoban, on level 5.
 You entered the dungeon 8901 turns ago.
 You had 2675 experience points, 2445 more were needed to attain level 10.

Basics:
 You had 0 out of 89 hit points.
 You had 120 out of 124 energy points (spell power).
 Your armor class was 3.
 Your wallet contained 283 zorkmids, and
 you had 2452 more stashed away in your pack.
 Autopickup was off.

Final Characteristics:
 Your strength was 11 (peak:12, limit:18/100).
 Your dexterity was 11 (peak:14, limit:18).
 Your constitution was 17 (limit:18).
 Your intelligence was 9 (limit:18).
 Your wisdom was 17 (peak:18, limit:18).
 Your charisma was 9 (limit:18).

Final Status:
 You were satiated.
 You were burdened; movement was slightly slowed.
 You were wielding a mace.
 You had basic skill with mace and could have enhanced that.

Final Attributes:
 You were piously aligned.
 You were telepathic.
 You were guarded.
 Your spell casting was impaired by metallic armor, mitigated by your robe.
 You were fast.
 You are dead.

Miscellaneous:
 You didn't encounter any bones levels.
 Total elapsed playing time was 1 hour, 17 minutes and 5 seconds.

Major events:
 Turn
    1: DaveT the lawful human Priest entered the dungeon
  657: attained the rank of Acolyte (level 3)
  680: entered the Gnomish Mines
 2777: attained the rank of Adept (level 6)
 3108: reached Mine Town
 3813: made his first wish - "blessed rustproof +3 gauntlets of power", got "a blessed pair of riding gloves"
 7132: entered Sokoban
 7913: completed 1st Sokoban level
 8343: completed 2nd Sokoban level
 8901: killed by a water elemental

Spells:
 Name                 Level Category     Fail Retention
 healing                1   healing       52%   51%-75%
 create monster         2   clerical      69%    (gone)
 cure blindness         2   healing       63%  76%-100%

Skills:
 Fighting Skills
   bare handed combat [Unskilled]
 Weapon Skills
   club               [Unskilled]
   mace               [Basic]
   morning star       [Unskilled]
   flail              [Unskilled]
   hammer             [Unskilled]
   quarterstaff       [Unskilled]
   polearms           [Unskilled]
   spear              [Unskilled]
   trident            [Unskilled]
   lance              [Unskilled]
   bow                [Unskilled]
   sling              [Unskilled]
   crossbow           [Unskilled]
   dart               [Unskilled]
   shuriken           [Unskilled]
   boomerang          [Unskilled]
   unicorn horn       [Unskilled]
 Spellcasting Skills
   healing spells     [Unskilled]
   divination spells  [Unskilled]
   clerical spells    [Basic]

Voluntary challenges:
 Character rerolling was not enabled.
 You never genocided any monsters.
 You never polymorphed an object.
 You never changed form.
 You used 1 wish.
 You did not wish for any artifacts.
 You did not violate any of the special Sokoban rules.
Achievements:
 You entered a shop.
 You attained the rank of Acolyte.
 You entered the Gnomish Mines.
 You attained the rank of Adept.
 You entered Minetown.
 You entered a temple.
 You entered Sokoban.

 The Dungeons of Doom: levels 1 to 9
    Level 1: "vault door in SW"
    Level 2: "empty vault"
       A general store.
       Stairs down to The Gnomish Mines.
    Level 3:
    Level 4:
       A wand shop, some fountains.
    Level 5:
       A fountain.
    Level 6:
       A fountain.
    Level 7:
       Many fountains.
    Level 8:
       Stairs up to Sokoban, level 7.
    Level 9:
 The Gnomish Mines: levels 3 to 6
    Level 3:
    Level 4:
    Level 5:
       Many shops, a temple and an altar, some fountains.
    Level 6:
 Sokoban: levels 7 up to 5
    Level 5: <- You were here.
       Unsolved.
       Final resting place for
          you, killed by a water elemental.
    Level 6:
       Solved.
    Level 7:
       Solved.


Vanquished creatures:
 an ogre leader
  a gelatinous cube
  a large dog
  a gargoyle
  a leocrotta
  a human mummy
  a leather golem
  a wolf
  3 leprechauns
  2 orc-captains
 an iron piercer
  a horse
 an ice vortex
  2 gnome rulers
  2 orc mummies
  a dwarf mummy
  a yeti
  4 lizards
  a dingo
  a housecat
  a dwarf leader
  a black unicorn
  a raven
  3 gnome mummies
  2 snakes
  a rope golem
  a bugbear
  a wood nymph
  a water nymph
 an orc shaman
  a rock piercer
  3 rock moles
  2 ponies
  2 fog clouds
  3 yellow lights
  2 violet fungi
  5 gnome leaders
  3 gnomish wizards
  a kobold mummy
  2 gray oozes
  4 elf zombies
  a giant ant
  a little dog
  2 floating eyes
  2 kittens
  3 dwarves
  2 kobold leaders
  a kobold shaman
  7 rothes
  5 monkeys
 an orc zombie
  a dwarf zombie
  6 iguanas
  2 acid blobs
  5 coyotes
  a gas spore
  4 hobgoblins
  4 giant rats
  2 cave spiders
  2 green molds
  a red mold
 26 gnomes
  4 gnome zombies
  4 geckos
  7 jackals
  2 foxes
  a kobold
  5 goblins
  3 sewer rats
 19 grid bugs
  2 bats
  6 lichens
  2 kobold zombies
 12 newts
215 creatures vanquished.

No species were genocided or became extinct.

Game over:
                       ----------
                      /          \
                     /    REST    \
                    /      IN      \
                   /     PEACE      \
                  /                  \
                  |      DaveT       |
                  |     2735 Au      |
                  |   killed by a    |
                  | water elemental  |
                  |                  |
                  |                  |
                  |       2026       |
                 *|     *  *  *      | *
        _________)/\\_//(\/(/\)/\//\/|_)_______

Goodbye DaveT the Priest...

You died in Sokoban on dungeon level 5 with 12296 points,
and 2735 pieces of gold, after 8901 moves.
You were level 9 with a maximum of 89 hit points when you died.

